AoeStats
← ertk

Black Forest

510102141Analyzed
4v4 RM · 2d ago on Sep 29, 2026· 26m 38s· 8 players
Game mode
Random Map
Map size
Large (8 player)
Population
200
Speed
Normal
Resources
Standard
Victory
Conquest
Starting age
Dark Age
Ending age
Imperial Age
RankedLock teamsTeams togetherTeam positionsShared explorationLock speedFull tech treeHidden civsTurbo modeCheats
Victory
Defeat
🇮🇳 Khmer · India
1146
+12
🇮🇳 Britons · India
1121
+13
🇨🇳 Koreans · China
1074
+15
🇦🇺 Franks · Australia
1020
+19
🇹🇷 Turks · Türkiye
1123
-17
🇨🇴 Persians · Colombia
1083
-16
🇨🇳 Khmer · China
1027
-13
🇦🇹 Bohemians · Austria
1016
-13
LIGHTYRIX
11:23 Feudal Age
14:18 Castle Age
14:31 Double-Bit Axe
14:27 Horse Collar
15:28 Loom
17:39 Bow Saw
22:24 Heavy Plow
22:20 Stone Mining
24:57 Wheelbarrow
24:14 Gold Mining
tugou
0:46 Loom
12:07 Feudal Age
21:05 Castle Age
19:11 Double-Bit Axe
19:40 Horse Collar
20:08 Fletching
22:03 Bow Saw
23:19 Bodkin Arrow
25:02 Gold Mining
26:16 Ballistics
ravish.ratnam
0:29 Loom
10:27 Feudal Age
13:20 Fletching
15:12 Double-Bit Axe
20:34 Castle Age
23:34 Wheelbarrow
Johnston
4:51 Loom
10:38 Feudal Age
16:59 Wheelbarrow
19:28 Double-Bit Axe
19:39 Town Watch
23:34 Castle Age
22:27 Stone Mining
23:53 Gold Mining
24:47 Bow Saw
25:49 Gold Shaft Mining
25:23 Husbandry
25:33 Scale Barding Armor
25:44 Forging
25:47 Light Cavalry
tavoh08
0:51 Loom
15:20 Feudal Age
ertk
0:29 Loom
10:35 Feudal Age
15:08 Castle Age
13:41 Horse Collar
14:31 Double-Bit Axe
15:59 Wheelbarrow
17:34 Bow Saw
newworldorder
0:31 Loom
13:05 Feudal Age
18:57 Castle Age
17:40 Double-Bit Axe
21:07 Bow Saw
21:17 Fervor
23:17 Horse Collar
25:52 Wheelbarrow
26:32 Heavy Plow
怒头堵紧
10:44 Feudal Age
12:49 Loom
15:21 Castle Age
13:31 Horse Collar
14:12 Double-Bit Axe
Connection lost

Rejoining the realm…

Still unreachable

The connection could not be restored.

Session expired

The server has moved on; the page needs a fresh start.